 Dungeon Crawl Stone Soup version 0.31-a0-750-gfe7b580527 (webtiles) character file.

Game seed: 10321291440258028278

298 heikuro the Shield-Bearer (level 6, -14/49 HPs)
             Began as a Formicid Fighter on Sept 15, 2023.
             Was an Initiate of Okawaru.
             Demolished by an ogre
             ... wielding a +0 giant spiked club
              (38 damage)
             ... on level 5 of the Dungeon.
             The game lasted 00:08:29 (3829 turns).

heikuro the Shield-Bearer (Formicid Fighter)        Turns: 3829, Time: 00:08:29

Health: -14/49     AC:  8    Str: 22    XL:     6   Next: 63%
Magic:  6/6        EV: 14    Int:  8    God:    Okawaru [......]
Gold:   215        SH:  5    Dex: 13    Spells: 5/5 levels left

rFire   . . .        a - +0 war axe
rCold   . . .        c - +0 buckler
rNeg    . . .        b - +0 scale mail
rPois   .            (helmet unavailable)
rElec   .            (no cloak)
rCorr   .            (no gloves)
SInv    +            i - +0 pair of boots
Will    .....        (no amulet) Stlth
                     n - +5 ring of evasion
HPRegen 0.28/turn    (no ring)
MPRegen 0.10/turn

%: no passive effects
@: mighty
A: permanent stasis, dig shafts and tunnels, antennae 3, four strong arms
a: Dig, Shaft Self, Renounce Religion


You were on level 5 of the Dungeon.
You worshipped Okawaru.
Okawaru was noncommittal.
You visited 2 branches of the dungeon, and saw 6 of its levels.

You collected 264 gold pieces.
You paid 49 gold pieces to Gozag.

Inventory:

Hand Weapons
 a - a +0 war axe (weapon)
Missiles
 g - 22 poisoned darts (quivered)
Armour
 b - a +0 scale mail (worn)
 c - a +0 buckler (worn)
 i - a +0 pair of boots (worn)
Jewellery
 n - a +5 ring of evasion (left hand)
Scrolls
 f - a scroll of silence {unknown}
 l - 2 scrolls of amnesia {unknown}
 p - a scroll of blinking {unknown}
 q - 2 scrolls of poison {unknown}
 r - a scroll of enchant armour {unknown}
 s - a scroll of immolation {unknown}
 t - a scroll of teleportation {unknown}
 u - a scroll of enchant weapon {unknown}
 v - a scroll of butterflies {unknown}
Potions
 e - 3 potions of enlightenment
 h - a potion of brilliance
 j - a potion of mutation
 k - a potion of heal wounds
 m - 2 potions of curing
 o - a potion of ambrosia {unknown}


   Skills:
 + Level 4.4 Fighting
 * Level 4.3 Axes
 + Level 4.4 Armour
 + Level 5.2 Shields
 + Level 1.1 Invocations


You had 5 spell levels left.
You didn't know any spells.
Your spell library contained the following spells:

 Spells                   Type           Power      Damage    Failure   Level
 Necrotise                Necr           0%         1d4       78%         1
 Sublimation of Blood     Necr           0%         N/A       89%         2
 Vampiric Draining        Necr           0%         2d6       98%         3
 Petrify                  Tmut/Erth      0%         N/A       100%        4
 Agony                    Necr           0%         N/A       100%        5
 Irradiate                Conj/Tmut      0%         3d11      100%        5


Dungeon Overview and Level Annotations

Branches:
Dungeon (5/15)             Temple (1/1) D:4

Altars:
Ashenzari
Elyvilon
Fedhas
Gozag
Hepliaklqana
Kikubaaqudgha
Makhleb
Nemelex Xobeh
Okawaru
Sif Muna
Vehumet
Xom
The Shining One

Shops:
D:2 *


Innate Abilities, Weirdness & Mutations

You cannot be hasted, slowed, berserked, paralysed or teleported.
You can dig through walls and to a lower floor.
You have a pair of large antennae on your head. (SInv)
Your four strong arms can wield two-handed weapons with a shield.


Message History

There is an open door here.
Done exploring.
Done exploring.
There is a stone staircase leading down here.
You climb downwards.
Found a scroll of identify, a robe and a scroll labelled ZISIRAT PYUTRI.
There is a stone staircase leading up here.
You climb upwards.
There is a stone staircase leading down here.
There is a stone staircase leading down here.
You climb downwards.
There is a stone staircase leading up here.
w - a scroll of identify
As you read the scroll of identify, it crumbles to dust.
m - 2 potions of curing
There is a stone staircase leading up here.
Found 2 potions of enlightenment.
Found 10 gold pieces.
l - 2 scrolls labelled ZISIRAT PYUTRI (gained 1)
e - 3 potions of enlightenment (gained 2)
You now have 209 gold pieces (gained 10).
Okay, then.
Found a robe and 6 stones.
Found 9 gold pieces.
You now have 215 gold pieces (gained 6).
You open the door.
There is an open door here.
An ogre comes into view. It is wielding a +0 giant spiked club.
Gozag incites the ogre against you.
The ogre shouts!
The ogre goes berserk!
The ogre hits you with a +0 giant spiked club!!
Ouch! That really hurt!
You feel very mighty all of a sudden. The ogre barely misses you.
You slash the ogre!
The ogre is moderately wounded.
The ogre hits you with a +0 giant spiked club!!!
Ouch! That really hurt!
You die...

#. #####.######
.#.#####..........#
..................#
#................#
#................#
#................#
##................#
...$..O@..........#
##............(...#
#.............[..#
#.#####..........#
# #..........#
#..........#
#####..........#
........#'######
#######.#........


You could see an ogre (berserk, incited).

Vanquished Creatures
  A phantom (D:3)
  A scorpion (D:4)
  A jelly (D:4)
  An orc wizard (D:3)
  4 adders
  2 worms
  4 dart slugs
  4 orcs (D:3)
  5 bats
  7 endoplasms
  4 giant cockroaches
  4 goblins
  3 hobgoblins
  A quokka (D:3)
  5 ball pythons
  2 frilled lizards
  6 kobolds
  6 rats
61 creatures vanquished.

Notes
Turn   | Place    | Note
-------+----------+-------------------------------------------
     0 | D:1      | heikuro the Formicid Fighter began the quest for the Orb.
     0 | D:1      | Reached XP level 1. HP: 18/18 MP: 1/1
    64 | D:1      | Reached XP level 2. HP: 21/24 MP: 2/2
   286 | D:1      | Reached XP level 3. HP: 29/29 MP: 3/3
  1320 | D:2      | Found Vefroema's General Store.
  1328 | D:2      | Reached XP level 4. HP: 37/37 MP: 4/4
  1417 | D:2      | Found a faded altar of an unknown god.
  1493 | D:2      | Found an opulent altar of Gozag.
  2205 | D:3      | Noticed a phantom
  2227 | D:3      | Killed a phantom
  2228 | D:3      | Reached XP level 5. HP: 35/42 MP: 5/5
  2429 | D:3      | Found an ancient bone altar of Kikubaaqudgha.
  2545 | D:2      | Became a worshipper of Gozag Ym Sagoz the Greedy
  3046 | D:4      | Found a staircase to the Ecumenical Temple.
  3055 | Temple   | Entered the Ecumenical Temple
  3110 | Temple   | Fell from the grace of Gozag
  3110 | Temple   | Became a worshipper of Warmaster Okawaru
  3240 | D:4      | Reached skill level 5 in Shields
  3240 | D:4      | Reached XP level 6. HP: 48/48 MP: 6/6
  3385 | D:4      | Reached skill level 1 in Invocations
  3757 | D:5      | Entered Level 5 of the Dungeon
  3825 | D:5      | Noticed an ogre
  3829 | D:5      | Demolished by an ogre

Illustrated notes

Levels and vault maps discovered:
D:1:      dpeg_arrival_court, layout_basic,
          nicolae_concentric_dashed_squares_wild
D:2:      layout_loops_corners, serial_shops, shop,
          chequers_ecumenical_altar_island, basic_altar,
          serial_co_window_serial, co_window_paths_b, co_window_paths_b,
          co_window_of_opportunity_a, co_window_corner_a, co_window_corner_a,
          co_window_paths_a, co_window_paths_a, co_window_cross_1,
          co_window_corner_a, co_window_unsneaky_path_a,
          co_window_unsneaky_path_d, co_window_broadway_b, co_window_corner_ca,
          co_window_broadway_a, co_window_of_opportunity_b, minmay_domino_4
D:3:      layout_basic, mainiacjoe_overflow_six_doors_small
D:4:      layout_cave_pools, temple_statues, minivault_11
D:5:      layout_basic, grunt_decor_cap, uniq_menkaure
Temple:   nicolae_temple_godzebo

Skill      XL: |  1  2  3  4  5  6 |
---------------+-------------------+-----
Axes           | 3 4 |  4.3
Fighting       | 4 |  4.4
Armour         | 4 |  4.4
Shields        | 5 |  5.2
Invocations    | 1 |  1.1

Action                     |  1- 3 |  4- 6 || total
---------------------------+-------+-------++-------
  Melee: War axe           |    72 |   123 ||   195
    Use: Scroll            |     4 |     2 ||     6
         Potion            |       |     1 ||     1
 Armour: Scale mail        |    47 |    72 ||   119
  Dodge: Dodged            |    36 |   103 ||   139
  Block: Buckler           |    16 |    34 ||    50

Table legend: (Time is in decaauts)
 A = Elapsed time spent in this place.
 B = Non-inter-level travel time spent in this place.
 C = Inter-level travel time spent in this place.
 D = Time resting spent in this place.
 E = Time spent auto-exploring this place.
 F = Levels seen in this place.
 G = Mean time per level.
                   A        B        C        D        E       F      G
               +--------+--------+--------+--------+--------+-----+--------+
         Total |   3903 |   3611 |    292 |    190 |   2569 |   6 |  650.5 |
       Dungeon |   3829 |   3537 |    292 |    190 |   2542 |   5 |  765.8 |
        Temple |     73 |     73 |      0 |      0 |     27 |   1 |   73.0 |
               +--------+--------+--------+--------+--------+-----+--------+

Top non-repeatable levels by time:
     D:2: 1346 daAuts
     D:1: 880 daAuts
     D:3: 875 daAuts
     D:4: 665 daAuts
  Temple: 73 daAuts
     D:5: 62 daAuts
